 Dungeon Crawl Stone Soup version 0.28-a0-1435-g82390b3a13 (webtiles) character file.

Game seed: 5870651254521377608

14182 bjtr the Ogre Mage (level 12, -1/111 HPs)
             Began as an Ogre Fire Elementalist on Jan 9, 2022.
             Was a Believer of Vehumet.
             Slain by a six-headed hydra (11 damage)
             ... on level 11 of the Dungeon.
             The game lasted 01:18:02 (15347 turns).

bjtr the Ogre Mage (Ogre Fire Elementalist)        Turns: 15347, Time: 01:18:02

Health: -1/111     AC: 11    Str: 15    XL:     12   Next: 13%
Magic:  25/27      EV: 25    Int: 26    God:    Vehumet [**....]
Gold:   633        SH:  0    Dex:  9    Spells: 6/34 levels left

rFire   + . .      SeeInvis .   a - +8 morningstar "Newtbane" {vorpal, rPois}
rCold   + . .      Faith    .   (no shield)
rNeg    . . .      Spirit   .   G - +1 robe {rC+ rF+}
rPois   +          Reflect  .   (helmet restricted)
rElec   .          Harm     .   m - +2 cloak
rCorr   .          Rampage  .   (gloves unavailable)
Will    +....                   (boots unavailable)
Stlth   +.........              K - amulet of the acrobat
HPRegen 0.28/turn               i - +4 ring of protection
MPRegen 0.20/turn               L - +6 ring of intelligence

@: acrobatic
A: large, unfitting armour, tough skin 1
a: Renounce Religion


You were on level 11 of the Dungeon.
You worshipped Vehumet.
Vehumet was pleased with you.
You visited 2 branches of the dungeon, and saw 13 of its levels.

You collected 678 gold pieces.
You spent 45 gold pieces at shops.

Inventory:

Hand Weapons
 a - the +8 morningstar "Newtbane" (weapon) {vorpal, rPois}
   (You found it on level 9 of the Dungeon)

   It inflicts extra damage upon your enemies.
   rPois:     It protects you from poison.
 b - a +0 fustibalus
 s - a +0 broad axe
 u - a +1 giant spiked club
 v - a +0 antimagic war axe
 z - a +0 falchion
 B - a +1 dire flail of holy wrath
 M - a +5 spear
 O - the +8 whip "Befahaal" {vorpal, rN+}
   (You took it off a goblin on level 3 of the Dungeon)

   It inflicts extra damage upon your enemies.
   rN:        It protects you from negative energy.
Missiles
 c - 20 boomerangs
 f - 308 stones
 k - 96 bolts
 A - 54 poisoned darts (quivered)
 E - 67 sling bullets
 Q - 5 atropa-tipped darts
 X - a boomerang of dispersal
Armour
 e - an orb of light
 m - a +2 cloak (worn)
 G - a +1 robe of resistance (worn)
 V - a +0 troll leather armour
 Y - +0 acid dragon scales
Magical Staves
 F - a staff of poison
Jewellery
 d - an amulet of magic regeneration
 i - a +4 ring of protection (left hand)
 K - an amulet of the acrobat (around neck)
 L - a +6 ring of intelligence (right hand)
 S - a ring of resist corrosion
Wands
 o - a wand of iceblast (1)
 C - a wand of digging (6)
 D - a wand of paralysis (9)
 H - a wand of mindburst (15)
 J - a wand of flame (32)
Scrolls
 n - 4 scrolls of teleportation
 x - a scroll of fear
 I - a scroll of amnesia
 N - 2 scrolls of immolation
 W - a scroll of fog
Potions
 g - 4 potions of brilliance
 h - 2 potions of attraction
 j - 3 potions of haste
 l - 7 potions of mutation
 p - 5 potions of curing
 q - 2 potions of ambrosia
 r - a potion of flight
 w - 6 potions of lignification
 R - a potion of might {unknown}
 T - a potion of heal wounds
Miscellaneous
 P - a piece from Xom's chessboard (15/15)
 U - a tin of tremorstones (2/2)


   Skills:
 + Level 5.5 Fighting
 + Level 4.3 Dodging
 - Level 1.4 Stealth
 + Level 11.8 Spellcasting
 * Level 5.2 Conjurations
 * Level 4.6 Necromancy
 * Level 10.5 Fire Magic
 + Level 5.9 Poison Magic


You had 6 spell levels left.
You knew the following spells:

 Your Spells              Type           Power      Damage    Failure   Level
a - Foxfire               Conj/Fire      100%       2x1d9     1%          1
b - Scorch                Fire           100%       2d10      1%          2
c - Mephitic Cloud        Conj/Pois/Air  34%        N/A       2%          3
d - Conjure Flame         Conj/Fire      54%        6-21      1%          3
e - Inner Flame           Hex/Fire       42%        N/A       1%          3
f - Flame Wave            Conj/Fire      54%        2d9       1%          4
g - Ignite Poison         Fire/Tmut/Pois 43%        N/A       1%          3
h - Slow                  Hex            60%        N/A       3%          1
i - Vampiric Draining     Necr           39%        2d8       1%          3
j - Fireball              Conj/Fire      27%        3d12      4%          5

Your spell library contained the following spells:

 Spells                   Type           Power      Damage    Failure   Level
 Poisonous Vapours        Pois/Air       60%        N/A       1%          2
 Animate Skeleton         Necr           78%        N/A       1%          1
 Magic Dart               Conj           100%       1d8       1%          1
 Pain                     Necr           100%       1d9       1%          1
 Searing Ray              Conj           84%        2d7       1%          2
 Confusing Touch          Hex            15%        N/A       12%         3
 Fulminant Prism          Conj/Hex       14%        3d9       13%         4
 Starburst                Conj/Fire      27%        6d9       22%         6
 Freezing Cloud           Conj/Ice/Air   12%        6-21      45%         5
 Ignition                 Fire           31%        3d10      97%         8


Dungeon Overview and Level Annotations

Branches:
Dungeon (12/15)            Temple (1/1) D:7            Lair (0/6) D:10
    Orc (0/2) D:11

Altars:
Ashenzari
Cheibriados
Dithmenos
Elyvilon
Fedhas
Gozag
Hepliaklqana
Kikubaaqudgha
Makhleb
Nemelex Xobeh
Okawaru
Qazlal
Ru
Sif Muna
Trog
Uskayaw
Vehumet
Wu Jian
Xom
Yredelemnul
Zin
The Shining One

Shops:
D:4 [   D:6 !

Annotations:
D:12 Azrael, Erolcha


Innate Abilities, Weirdness & Mutations

You are too large for most types of armour.
You have tough skin. (AC +1)


Message History

You finish channelling waves of flame.
The six-headed hydra bites you. The six-headed hydra barely misses you.
The six-headed hydra completely misses you.
The six-headed hydra closely misses you.
The six-headed hydra completely misses you.
The six-headed hydra misses you.
Unknown command.
The six-headed hydra closely misses you.
The six-headed hydra barely misses you. The six-headed hydra bites you.
The six-headed hydra bites you!
The six-headed hydra bites you but does no damage.
The six-headed hydra barely misses you.
The howler monkey hits you but does no damage.
A mysterious force pulls you upwards. The hatch slams shut behind you.
Casting: Flame Wave (mildly dangerous; 1% risk of failure)
Confirm with . or Enter, or press ? or * to list all spells.
Flames lash the howler monkey.
You kill the howler monkey!
Vehumet accepts your kill.
The six-headed hydra is no longer more vulnerable to fire.
The six-headed hydra bites you!
* * * LOW HITPOINT WARNING * * *
The six-headed hydra bites you.
* * * LOW HITPOINT WARNING * * *
The six-headed hydra bites you!
* * * LOW HITPOINT WARNING * * *
The six-headed hydra bites you!
* * * LOW HITPOINT WARNING * * *
The six-headed hydra closely misses you.
The six-headed hydra bites you.
* * * LOW HITPOINT WARNING * * *
Unknown command.
You see here a howler monkey corpse.
Okay, then.
Okay, then.
There is a stone staircase leading up here.
The six-headed hydra bites you.
* * * LOW HITPOINT WARNING * * *
The six-headed hydra misses you. The six-headed hydra bites you!
You die...

####...................##########
.................................
.................................
...#############..#############.#
...# #..# #.# ...# #..# #.# ...#
#..# #.#
...#############..#############..
...............D@..†.............
########...#############.........
#...# #...###### #...# #...#
#...# #...######
########...#############.........
...........<.....................
.................................
##...#################..#########


You could see a six-headed hydra.

Vanquished Creatures
  3 hydras
  3 two-headed ogres
  Pikel (D:6)
  2 trolls (D:11)
  A shadow (D:11)
  A wyvern (D:10)
  A fire bat (shapeshifter) (D:10)
  2 wraiths
  22 yaks
  4 steam dragons
  A vampire mosquito (D:10)
  Edmund (D:5)
  2 acid dragons (D:11)
  5 orc warriors
  2 ice beasts (D:5)
  A sky beast (D:5)
  2 black bears
  A necrophage (D:8)
  An ogre (D:5)
  A phantom (D:5)
  10 centaurs
  4 lemures
  Blork the orc (D:5)
  2 bullfrogs (D:7)
  A kobold brigand (D:8)
  7 scorpions
  A killer bee (D:10)
  6 howler monkeys
  2 bullfrog zombies
  2 centaur zombies
  6 hounds
  4 jellies
  A centaur skeleton (D:5)
  8 orc priests
  A gnoll shaman (D:8)
  2 iguanas (D:7)
  15 orc wizards
  A scorpion zombie (D:5)
  A killer bee zombie (D:5)
  3 hound skeletons
  2 howler monkey zombies
  10 gnolls
  13 adders
  A shadow imp (D:5)
  3 white imps
  An ufetubus (D:5)
  A worm (D:2)
  3 dart slugs
  43 orcs
  11 bats
  8 endoplasms
  6 giant cockroaches
  8 goblins
  13 hobgoblins
  9 kobolds
  3 quokkas
  6 ball pythons
  2 frilled lizards
  3 rats
281 creatures vanquished.

Vanquished Creatures (others)
  204 foxfires
204 creatures vanquished.

Grand Total: 485 creatures vanquished

Notes
Turn   | Place    | Note
-------+----------+-------------------------------------------
     0 | D:1      | bjtr the Ogre Fire Elementalist began the quest for the
                  | Orb.
     0 | D:1      | Reached XP level 1. HP: 16/16 MP: 3/3
   156 | D:1      | Reached XP level 2. HP: 24/24 MP: 2/5
   223 | D:1      | Learned a level 2 spell: Scorch
   316 | D:1      | Reached skill level 1 in Conjurations
   323 | D:1      | Found a faded altar of an unknown god.
   627 | D:1      | Reached XP level 3. HP: 19/31 MP: 4/7
   763 | D:1      | You fall into a shaft and drop 1 floor!
  1262 | D:2      | Reached skill level 3 in Spellcasting
  1491 | D:2      | Reached XP level 4. HP: 39/39 MP: 2/8
  1824 | D:2      | Learned a level 3 spell: Mephitic Cloud
  2476 | D:3      | Identified the +8 whip "Befahaal" {vorpal, rN+}
  2691 | D:3      | Reached skill level 1 in Poison Magic
  3086 | D:4      | Reached skill level 4 in Spellcasting
  3086 | D:4      | Reached XP level 5. HP: 42/45 MP: 3/11
  3217 | D:4      | Found Ixodgh's Antique Armour Emporium.
  3321 | D:4      | Noticed a black bear
  3371 | D:4      | Killed a black bear
  3372 | D:4      | Reached XP level 6. HP: 8/54 MP: 2/12
  3688 | D:4      | Reached skill level 1 in Fighting
  4053 | D:4      | Found a burning altar of Makhleb.
  4130 | D:4      | Reached XP level 7. HP: 57/62 MP: 2/14
  4218 | D:4      | Found a broken altar of Ashenzari.
  4234 | D:4      | Reached skill level 5 in Spellcasting
  4942 | D:5      | Entered Level 5 of the Dungeon
  4949 | D:5      | Learned a level 3 spell: Conjure Flame
  4953 | D:5      | Learned a level 3 spell: Inner Flame
  4958 | D:5      | Learned a level 4 spell: Flame Wave
  5049 | D:5      | Reached skill level 5 in Fire Magic
  5318 | D:5      | Reached skill level 6 in Spellcasting
  5318 | D:5      | Reached XP level 8. HP: 16/70 MP: 3/17
  5620 | D:5      | Noticed a yak
  5620 | D:5      | Noticed a yak
  5620 | D:5      | Noticed a yak
  5641 | D:5      | Noticed a yak
  5727 | D:5      | Noticed Edmund
  5734 | D:5      | Killed Edmund
  6078 | D:5      | Found a shimmering blue altar of Sif Muna.
  6085 | D:5      | Noticed Blork the orc
  6090 | D:5      | Killed Blork the orc
  6091 | D:5      | Reached skill level 7 in Spellcasting
  6301 | D:5      | Learned a level 3 spell: Ignite Poison
  6309 | D:5      | Killed a yak
  6314 | D:5      | Killed a yak
  6315 | D:5      | Reached XP level 9. HP: 49/80 MP: 5/20
  6759 | D:5      | Reached skill level 8 in Spellcasting
  7400 | D:6      | Reached skill level 5 in Poison Magic
  7586 | D:6      | Noticed Pikel
  7781 | D:6      | Killed Pikel
  8034 | D:6      | Reached skill level 9 in Spellcasting
  8199 | D:6      | Learned a level 1 spell: Slow
  8200 | D:6      | Identified the +2 ring mail "Itrihips" {rF+ Str+4}
  8219 | D:6      | Reached XP level 10. HP: 92/92 MP: 5/23
  8539 | D:6      | Found Yhootisa's Distillery.
  8641 | D:6      | Bought a potion of curing for 45 gold pieces
  8988 | D:6      | Upgraded the game from 0.28-a0-1429-gf3d713df7a to
                  | 0.28-a0-1435-g82390b3a13
  8992 | D:6      | Learned a level 3 spell: Vampiric Draining
  9061 | D:7      | Noticed a two-headed ogre
  9074 | D:7      | Killed a two-headed ogre
  9075 | D:7      | Reached skill level 1 in Necromancy
  9091 | D:7      | Reached skill level 10 in Spellcasting
  9712 | D:7      | Found a staircase to the Ecumenical Temple.
  9720 | Temple   | Entered the Ecumenical Temple
  9832 | Temple   | Became a worshipper of Vehumet
 11534 | D:9      | Identified the +8 morningstar "Newtbane" {vorpal, rPois}
 11570 | D:9      | Reached * piety under Vehumet
 11570 | D:9      | Offered knowledge of Shock by Vehumet.
 11571 | D:9      | Reached XP level 11. HP: 91/98 MP: 25/25
 11584 | D:9      | Noticed a two-headed ogre
 11595 | D:9      | Killed a two-headed ogre
 12038 | D:10     | Entered Level 10 of the Dungeon
 12295 | D:9      | HP: 3/101 [yak (3)]
 12768 | D:10     | Reached skill level 11 in Spellcasting
 12812 | D:10     | Noticed a four-headed hydra
 12900 | D:10     | Learned a level 5 spell: Fireball
 13181 | D:10     | Found a sparkling altar of Nemelex Xobeh.
 13232 | D:10     | Found a staircase to the Lair.
 13493 | D:10     | Reached skill level 5 in Fighting
 13661 | D:10     | Killed a four-headed hydra
 13735 | D:10     | Noticed a two-headed ogre
 13742 | D:10     | Killed a two-headed ogre
 14104 | D:11     | Found a staircase to the Orcish Mines.
 14105 | D:11     | Noticed an eight-headed hydra
 14121 | D:11     | Killed an eight-headed hydra
 14122 | D:11     | Reached skill level 10 in Fire Magic
 14318 | D:11     | Noticed a seven-headed hydra
 14332 | D:11     | Killed a seven-headed hydra
 14333 | D:11     | Reached skill level 5 in Conjurations
 14355 | D:11     | Reached XP level 12. HP: 88/111 MP: 3/27
 14532 | D:11     | Offered knowledge of Poisonous Vapours by Vehumet.
 14637 | D:11     | Reached ** piety under Vehumet
 15290 | D:12     | Noticed Azrael
 15305 | D:12     | Noticed a six-headed hydra
 15311 | D:12     | Noticed Erolcha
 15347 | D:11     | Slain by a six-headed hydra

Illustrated notes

Levels and vault maps discovered:
D:1:      scummos_arrival_star, layout_basic, ebering_ecumenical_altar_box
D:2:      layout_basic
D:3:      minmay_bubble_buster, layout_rooms
D:4:      minmay_angry_zag, layout_basic, evilmike_ruin_ashenzari,
          mainiacjoe_overflow_alcove_1, serial_shops, nicolae_shop_behind_doors,
          minmay_fractal_squares_diagonal_5
D:5:      layout_rooms, nicolae_overflow_crystal_walls, nzn_random_ring,
          uniq_edmund, uniq_blork_the_orc
D:6:      layout_cave_pools, serial_shops, nicolae_shop_crystal, uniq_pikel
D:7:      layout_cave_pods, minmay_temple_entry_trees, st_stairs_4,
          roderic_batcave, moated_statue
D:8:      layout_layer_cave
D:9:      layout_gridville
D:10:     minmay_clustersquares, layout_irregular_city,
          nemelex_spade_bored_becter, lair_entry_dummy, minmay_strange_pillars
D:11:     layout_long_grid, orc_0_dummy
D:12:     layout_gridville, okawaru_humans, uniq_azrael, uniq_fannar,
          uniq_erolcha
Temple:   mainiacjoe_temple_coin_purse

Skill      XL: |  1  2  3  4  5  6  7  8  9 10 11 |
---------------+----------------------------------+-----
Fire Magic     | 3 4 5 6 7 9 10 | 10.5
Conjurations   | 1 2 3 5 |  5.2
Dodging        | 2 3 4 |  4.3
Spellcasting   | 3 4 6 7 9 10 11 | 11.8
Poison Magic   | 1 2 3 4 5 |  5.9
Fighting       | 1 2 3 5 |  5.5
Necromancy     | 2 4 |  4.6
Stealth        | |  1.4

Action                   |  1- 3 |  4- 6 |  7- 9 | 10-12 || total
-------------------------+-------+-------+-------+-------++-------
Melee: Short sword       |    20 |     6 |       |       ||    26
       Whip              |       |    21 |    83 |    60 ||   164
       Punch             |       |     1 |     1 |     1 ||     3
       Morningstar       |       |       |       |    89 ||    89
Throw: Dart              |       |       |     5 |     8 ||    13
 Cast: Foxfire           |    44 |    26 |    28 |    23 ||   121
       Scorch            |     8 |    43 |    96 |    95 ||   242
       Mephitic Cloud    |       |       |    11 |    25 ||    36
       Conjure Flame     |       |       |     4 |     4 ||     8
       Ignite Poison     |       |       |     4 |    15 ||    19
       Flame Wave        |       |       |     3 |     8 ||    11
       Fireball          |       |       |       |     1 ||     1
  Use: Scroll            |       |     8 |     4 |     6 ||    18
       Potion            |       |     2 |       |       ||     2
 Stab: Confused          |       |       |       |     2 ||     2
       Sleeping          |       |       |       |     1 ||     1
Armor: Robe              |     6 |    19 |    61 |   150 ||   236
Dodge: Dodged            |     9 |    26 |    75 |   235 ||   345

Table legend: (Time is in decaauts)
 A = Elapsed time spent in this place.
 B = Non-inter-level travel time spent in this place.
 C = Inter-level travel time spent in this place.
 D = Time resting spent in this place.
 E = Time spent auto-exploring this place.
 F = Levels seen in this place.
 G = Mean time per level.
                   A        B        C        D        E       F      G
               +--------+--------+--------+--------+--------+-----+--------+
         Total |  15422 |  14880 |    542 |   4812 |   7213 |  13 | 1186.3 |
       Dungeon |  15298 |  14782 |    516 |   4812 |   7133 |  12 | 1274.8 |
        Temple |    123 |     97 |     26 |      0 |     80 |   1 |  123.0 |
               +--------+--------+--------+--------+--------+-----+--------+

Top non-repeatable levels by time:
     D:5: 2738 daAuts
     D:4: 2041 daAuts
    D:10: 1605 daAuts
     D:7: 1597 daAuts
     D:3: 1283 daAuts
     D:8: 1168 daAuts
    D:11: 1156 daAuts
     D:6: 1110 daAuts
     D:1: 1065 daAuts
     D:2: 780 daAuts
     D:9: 629 daAuts
  Temple: 123 daAuts
    D:12: 120 daAuts
